 Dungeon Crawl Stone Soup version 0.29.1-15-g9cfb28693d (webtiles) character file.

Game seed: 12046283718556549812

878 hawla the Chiller (level 8, -4/59 HPs)
             Began as a Meteoran Ice Elementalist on Apr 15, 2023.
             Slain by an ice beast (14 damage)
             ... on level 6 of the Dungeon.
             The game lasted 00:12:57 (2596 turns).

hawla the Chiller (Meteoran Ice Elementalist)       Turns: 2596, Time: 00:12:58

Health: -4/59      AC:  4    Str: 10    XL:     8   Next: 49%
Magic:  17/17      EV: 13    Int: 25    God:
Gold:   122        SH:  5    Dex: 14    Spells: 9/17 levels left

rFire   . . .      SeeInvis .   n - +0 whip (distort)
rCold   . . .      Faith    .   (no shield)
rNeg    . . .      Spirit   .   a - +0 robe
rPois   .          Reflect  +   f - +0 helmet
rElec   .          Harm     .   h - +0 cloak
rCorr   .          Rampage  .   (no gloves)
Will    +....                   (no boots)
Stlth   +.........              i - amulet of reflection
HPRegen 0.19/turn               b - +6 ring of intelligence
MPRegen 0.15/turn               (no ring)

@: mighty, glowing
A: sense surroundings 1, otherworldly, glowing, explore regen
a: no special abilities


You were on level 6 of the Dungeon.
You visited 1 branch of the dungeon, and saw 6 of its levels.
You also visited: Sewer.

You collected 122 gold pieces.

Inventory:

Hand Weapons
 d - a +0 short sword of freezing
 n - a +0 whip of distortion (weapon)
Armour
 a - a +0 robe (worn)
 f - a +0 helmet (worn)
 h - a +0 cloak (worn)
Jewellery
 b - a +6 ring of intelligence (left hand)
 i - an amulet of reflection (around neck)
Scrolls
 g - a scroll of poison
 r - a scroll of blinking {unknown}
 s - a scroll of enchant weapon {unknown}
 t - a scroll of noise {unknown}
Potions
 c - a potion of curing
 m - 2 potions of cancellation
 o - a potion of brilliance
 p - 2 potions of magic


   Skills:
 + Level 1.2 Fighting
 + Level 3.2 Short Blades
 + Level 3.0 Maces & Flails
 + Level 3.5 Dodging
 - Level 1.4 Stealth
 + Level 5.3 Spellcasting
 + Level 5.3 Conjurations
 + Level 6.2 Ice Magic


You had 9 spell levels left.
You knew the following spells:

 Your Spells              Type           Power      Damage    Failure   Level
a - Freeze                Ice            100%       1d11      1%          1
b - Frozen Ramparts       Ice            74%        1d12      1%          3
c - Hailstorm             Conj/Ice       35%        3d9       8%          4

Your spell library contained the following spells:

 Spells                   Type           Power      Damage    Failure   Level
 Ozocubu's Armour         Ice            37%        N/A       1%          3
 Summon Small Mammal      Summ           24%        N/A       8%          1
 Call Canine Familiar     Summ           6%         N/A       24%         3
 Summon Guardian Golem    Hex/Summ       6%         N/A       24%         3


Dungeon Overview and Level Annotations

Branches:
Dungeon (6/15) Zot: 1469    Sewer (visited)
 Temple: D:4-7

Altars:
Ashenzari
Elyvilon
Hepliaklqana
Makhleb
Okawaru
Trog
Xom
Yredelemnul
The Shining One

Annotations:
D:5 2 transporters


Innate Abilities, Weirdness & Mutations

You passively map a small area around you.
You are easily found by Zot.
You glow in the dark.
You regain HP and MP as you explore.


Message History

The ice beast hits you. The ice beast freezes you.
You block the ice beast's attack.
You hit the ice beast.
Space warps around the ice beast.
The ice beast is heavily wounded.
The ice beast hits you but does no damage.
You block the ice beast's attack.
You hit the ice beast but do no damage. The ice beast barely misses you.
The ice beast hits you but does no damage.
You hit the ice beast but do no damage.
The ice beast blinks!
The ice beast hits you. The ice beast freezes you.
You closely miss the ice beast.
The ice beast is heavily wounded.
You block the ice beast's attack. The ice beast hits you.
The ice beast freezes you! The ice beast hits you. The ice beast freezes you!
* * * LOW HITPOINT WARNING * * *
The ice beast hits you but does no damage.
The ice beast attacks as you move away!
The ice beast hits you but does no damage.
The ice beast attacks as you move away! The ice beast hits you.
* * * LOW HITPOINT WARNING * * *
The ice beast freezes you!
* * * LOW HITPOINT WARNING * * *
You feel much better.
The ice beast hits you but does no damage.
You hit the ice beast.
The ice beast is heavily wounded.
The ice beast blinks!
You barely miss the ice beast. The ice beast closely misses you.
You hit the ice beast.
Space warps around the ice beast.
The ice beast is almost dead.
The ice beast hits you but does no damage.
The ice beast hits you. The ice beast freezes you!
* * * LOW HITPOINT WARNING * * *
Unknown command.
You feel very mighty all of a sudden. The ice beast hits you.
* * * LOW HITPOINT WARNING * * *
The ice beast freezes you!
You die...

* , * * ... .######.#*
* , ,......#.# *
........########
,,,.............. , ,
, ..........## ,
.###########..........
*
......Y@Y...........#
,
.##########...<.....#
* ##........# *
#........# #........#
#........# ##########


You could see 2 ice beasts.

Vanquished Creatures
  A phantom (D:5)
  2 kobold brigands (Sewer)
  2 scorpions
  2 hounds
  A gnoll bouda (D:5)
  An orc priest (D:5)
  Crazy Yiuf (D:4)
  3 iguanas (D:5)
  An orc wizard (D:5)
  2 hound zombies (D:4)
  Robin (D:3)
  4 adders
  5 gnolls (D:5)
  8 river rats (Sewer)
  3 worms
  2 dart slugs (D:5)
  4 orcs
  6 ball pythons
  4 endoplasms
  4 giant cockroaches
  8 goblins
  4 hobgoblins
  4 jackals (D:2)
  2 quokkas (D:4)
  A bat (D:1)
  2 frilled lizards
  18 kobolds
  18 rats
114 creatures vanquished.

Notes
Turn   | Place    | Note
-------+----------+-------------------------------------------
     0 | D:1      | hawla the Meteoran Ice Elementalist began the quest for the
                  | Orb.
     0 | D:1      | Reached XP level 1. HP: 14/14 MP: 5/5
    89 | D:1      | Reached XP level 2. HP: 16/20 MP: 3/6
   359 | D:2      | Reached skill level 5 in Ice Magic
   359 | D:2      | Reached XP level 3. HP: 22/26 MP: 4/8
   389 | D:3      | Learned a level 3 spell: Frozen Ramparts
   490 | D:3      | Noticed Robin
   492 | D:3      | Reached XP level 4. HP: 33/33 MP: 3/10
   493 | D:3      | Killed Robin
   507 | D:3      | Learned a level 4 spell: Hailstorm
   511 | D:4      | Found an iron altar of Okawaru.
   557 | D:4      | Reached XP level 5. HP: 35/38 MP: 5/11
   615 | D:4      | Found a basalt altar of Yredelemnul.
   969 | D:4      | Found a glowing drain.
   973 | Sewer    | Entered a sewer
  1016 | Sewer    | Reached skill level 1 in Short Blades
  1133 | Sewer    | Reached XP level 6. HP: 35/45 MP: 6/12
  1213 | Sewer    | Reached skill level 5 in Conjurations
  1213 | Sewer    | Reached XP level 7. HP: 37/50 MP: 1/13
  1460 | Sewer    | Glimpsed the power of Zot.
  1611 | D:4      | Found a runed translucent door.
  1612 | D:4      | Noticed Crazy Yiuf
  1618 | D:4      | Killed Crazy Yiuf
  1691 | D:4      | Found a burning altar of Makhleb.
  1713 | D:5      | Entered Level 5 of the Dungeon
  1776 | D:5      | Found a bloodstained altar of Trog.
  1794 | D:5      | Reached skill level 1 in Maces & Flails
  1794 | D:5      | Reached XP level 8. HP: 46/58 MP: 10/16
  1797 | D:5      | Reached skill level 6 in Ice Magic
  1881 | D:5      | Reached skill level 1 in Fighting
  1881 | D:5      | Reached skill level 5 in Spellcasting
  2099 | D:5      | Found a transporter.
  2100 | D:5      | Noticed a fire bat
  2165 | D:5      | Found a transporter.
  2194 | D:5      | Found a white marble altar of Elyvilon.
  2194 | D:5      | Found a broken altar of Ashenzari.
  2295 | D:5      | Found a hazy altar of Hepliaklqana.
  2298 | D:5      | Found a shimmering altar of Xom.
  2361 | D:5      | Found a glowing golden altar of the Shining One.
  2596 | D:6      | Slain by an ice beast

Illustrated notes

Levels and vault maps discovered:
D:1:      saegor_arrival_fortress, layout_loops_ring,
          ebering_ecumenical_altar_abandoned
D:2:      layout_rooms
D:3:      layout_basic, nicolae_wu_jian_immortal_techniques, uniq_robin
D:4:      layout_basic, lemuel_zombie_altar_yredelemnul, lightli_temple_of_fire,
          nicolae_overflow_crystal_walls, gup_sewer_entry_spiral,
          uniq_crazy_yiuf_cottage
D:5:      gammafunk_cloud_chamber, layout_loops_ring, mainiacjoe_overflow_paths,
          general_overflow_altar, nicolae_overflow_hidden_temple,
          hangedman_decor_opposing
D:6:      minmay_cornered_nines, layout_rooms, mainiacjoe_overflow_catwalk,
          serial_shops, shop

Skill      XL: |  1  2  3  4  5  6  7  8 |
---------------+-------------------------+-----
Spellcasting   | 3 4 5 |  5.3
Ice Magic      | 5 6 |  6.2
Dodging        | 3 |  3.5
Conjurations   | 2 3 5 |  5.3
Short Blades   | 1 2 3 |  3.2
Maces & Flails | 1 3 |  3.0
Fighting       | 1 |  1.2
Stealth        | |  1.4

Action                   |  1- 3 |  4- 6 |  7- 9 || total
-------------------------+-------+-------+-------++-------
Melee: Unarmed           |     2 |    23 |       ||    25
       Short sword       |       |    50 |     7 ||    57
       Punch             |       |     1 |       ||     1
       Whip              |       |       |    57 ||    57
 Cast: Freeze            |    28 |    21 |     4 ||    53
       Frozen Ramparts   |     4 |    14 |    10 ||    28
       Hailstorm         |       |     6 |     9 ||    15
  Use: Scroll            |     3 |       |     1 ||     4
       Potion            |     1 |     4 |     8 ||    13
 Stab: Sleeping          |       |       |     1 ||     1
Armor: Robe              |    10 |    29 |    16 ||    55
Dodge: Dodged            |    21 |    57 |    31 ||   109
Block: Other             |       |       |    14 ||    14
       Reflection        |       |       |     2 ||     2
